 Dungeon Crawl Stone Soup version 0.29-a0-925-g0a7a3d12f8 (webtiles) character file.

Game seed: 2456757279961858107

217 reriks the Shooter (level 6, 0/44 (47) HPs)
             Began as a Human Hunter on July 28, 2022.
             Slain by a phantom (1 damage)
             ... on level 4 of the Dungeon.
             The game lasted 00:03:22 (3724 turns).

reriks the Shooter (Human Hunter)                   Turns: 3724, Time: 00:03:23

HP:   0/44 (47)     AC:  7    Str: 12    XL:     6   Next: 16%
MP:   15/15         EV: 10    Int:  9    God:
Gold: 119           SH:  0    Dex: 18    Spells: 5/5 levels left

rFire   . . .      SeeInvis .   a - +0 shortbow
rCold   . . .      Faith    .   (shield currently unavailable)
rNeg    . . .      Spirit   .   p - +1 scale mail
rPois   .          Reflect  .   (no helmet)
rElec   .          Harm     .   (no cloak)
rCorr   +          Rampage  .   (no gloves)
Will    .....                   (no boots)
Stlth   +.........              (no amulet)
HPRegen 0.14/turn               e - ring of resist corrosion
MPRegen 0.14/turn               l - ring of magical power

@: drained
A: no striking features
a: no special abilities


You were on level 4 of the Dungeon.
You visited 1 branch of the dungeon, and saw 4 of its levels.

You collected 119 gold pieces.

Inventory:

Hand Weapons
 a - a +0 shortbow (weapon)
Armour
 c - a +0 leather armour
 o - a +0 ring mail
 p - a +1 scale mail (worn)
Jewellery
 e - a ring of resist corrosion (left hand)
 l - a ring of magical power (right hand)
Scrolls
 b - a scroll of immolation
 h - a scroll of butterflies
Potions
 d - a potion of brilliance {unknown}
 f - 4 potions of degeneration
 k - 4 potions of curing {unknown}
 n - a potion of resistance {unknown}


   Skills:
 + Level 3.3 Fighting
 + Level 4.9 Ranged Weapons
 + Level 1.7 Armour
 + Level 3.4 Dodging
 - Level 2.1 Stealth


You had 5 spell levels left.
You didn't know any spells.
Your spell library contained the following spells:

 Spells                   Type           Power      Damage    Failure   Level
 Dazzling Flash           Conj/Hex       0%         N/A       99%         3
 Iskenderun's Mystic Bla  Conj/Tloc      0%         2d3       100%        4
 Starburst                Conj/Fire      0%         6d3       100%        6


Dungeon Overview and Level Annotations

Branches:
Dungeon (4/15)
 Temple: D:4-7

Altars:
Ru
Wu Jian

Annotations:
D:3 1 runed translucent door, osoart's ghost, amateur DrBe


Message History

Fire: a) +0 shortbow
Press: ? - help, Shift-Dir - straight line, f/p - phantom
Aim: a phantom (almost destroyed, 54% to hit)
You shoot an arrow. The arrow closely misses the phantom.
The phantom hits you but does no damage.
Fire: a) +0 shortbow
Press: ? - help, Shift-Dir - straight line, f/p - phantom
Aim: a phantom (almost destroyed, 54% to hit)
You shoot an arrow. The arrow barely misses the phantom.
The phantom barely misses you.
The phantom hits you but does no damage.
Fire: a) +0 shortbow
Press: ? - help, Shift-Dir - straight line, f/p - phantom
Aim: a phantom (almost destroyed, 54% to hit)
You shoot an arrow. The arrow misses the phantom.
The phantom hits you but does no damage.
Fire: a) +0 shortbow
Press: ? - help, Shift-Dir - straight line, f/p - phantom
Aim: a phantom (almost destroyed, 54% to hit)
You shoot an arrow.
The arrow hits the phantom but does no damage.
The phantom is almost destroyed.
The phantom closely misses you. The hobgoblin misses you.
The phantom hits you but does no damage.
The hobgoblin hits you.
* * * LOW HITPOINT WARNING * * *
Fire: a) +0 shortbow
Press: ? - help, Shift-Dir - straight line, f/p - phantom
Aim: a phantom (almost destroyed, 54% to hit)
You shoot an arrow. The arrow closely misses the phantom.
The phantom hits you.
* * * LOW HITPOINT WARNING * * *
The phantom blinks!
You blink.
Fire: a) +0 shortbow
Press: ? - help, Shift-Dir - straight line, f/p - phantom
Aim: a phantom (almost destroyed, 54% to hit)
You shoot an arrow.
The arrow hits the phantom but does no damage.
The phantom is almost destroyed.
The phantom misses you. The phantom hits you.
You die...

.# #..# .
#.#####..# #.
#........# ##.#
###.######.#
#...##.....# #.#
....#.....####.#
.............#
...#.....######
#...##..@..#
##.# ###W### ...
#.# ## #.#
##########.#
...........#
##########g.#
.<....$.g.ยง.#
##########.##


You could see a phantom and a hobgoblin.

Vanquished Creatures
  A scorpion (D:3)
  A hound (D:3)
  9 adders
  2 dart slugs
  6 orcs
  3 endoplasms
  3 goblins
  5 hobgoblins
  3 jackals (D:2)
  2 quokkas
  4 ball pythons
  2 bats (D:2)
  A frilled lizard (D:1)
  7 kobolds
  2 rats
51 creatures vanquished.

Notes
Turn   | Place    | Note
-------+----------+-------------------------------------------
     0 | D:1      | reriks the Human Hunter began the quest for the Orb.
     0 | D:1      | Reached XP level 1. HP: 16/16 MP: 1/1
   327 | D:1      | Reached XP level 2. HP: 22/22 MP: 2/2
   861 | D:2      | Reached XP level 3. HP: 28/28 MP: 3/3
  1176 | D:2      | Reached XP level 4. HP: 20/34 MP: 4/4
  2331 | D:3      | Found a runed translucent door.
  2332 | D:3      | Noticed osoart's ghost (amateur DrBe)
  2333 | D:3      | Noticed a kobold brigand
  2408 | D:3      | Found a sacrificial altar of Ru.
  2450 | D:3      | Reached XP level 5. HP: 27/40 MP: 5/5
  2768 | D:3      | Reached skill level 1 in Armour
  3090 | D:3      | Reached XP level 6. HP: 20/47 MP: 6/6
  3644 | D:4      | Found an ornate altar of the Wu Jian Council.
  3722 | D:4      | HP: 2/44 [hobgoblin (3)]
  3724 | D:4      | Slain by a phantom

Illustrated notes

Levels and vault maps discovered:
D:1:      ncdulo_watergridlock, layout_loops_corners
D:2:      layout_basic
D:3:      layout_loops_cross, lemuel_round_altar, ebering_ghost_inner_flame
D:4:      minmay_evil_eye, layout_loops_ring, lemuel_round_altar,
          kennysheep_mini

Skill      XL: |  1  2  3  4  5 |
---------------+----------------+-----
Stealth        | 2 |  2.1
Fighting       | 3 |  3.3
Armour         | 1 |  1.7
Dodging        | 3 |  3.4
Ranged Weapons | |  4.9

Action                   |  1- 3 |  4- 6 || total
-------------------------+-------+-------++-------
 Fire: Shortbow          |    63 |   137 ||   200
  Use: Scroll            |       |     5 ||     5
Armor: Leather armour    |     7 |     8 ||    15
       Ring mail         |       |     5 ||     5
       Scale mail        |       |    31 ||    31
Dodge: Dodged            |    31 |    72 ||   103

Table legend: (Time is in decaauts)
 A = Elapsed time spent in this place.
 B = Non-inter-level travel time spent in this place.
 C = Inter-level travel time spent in this place.
 D = Time resting spent in this place.
 E = Time spent auto-exploring this place.
 F = Levels seen in this place.
 G = Mean time per level.
                   A        B        C        D        E       F      G
               +--------+--------+--------+--------+--------+-----+--------+
         Total |   3801 |   3599 |    202 |   1346 |   1814 |   4 |  950.2 |
       Dungeon |   3801 |   3599 |    202 |   1346 |   1814 |   4 |  950.2 |
               +--------+--------+--------+--------+--------+-----+--------+

Top non-repeatable levels by time:
     D:3: 1519 daAuts
     D:2: 1337 daAuts
     D:1: 831 daAuts
     D:4: 113 daAuts
